 Dungeon Crawl Stone Soup version 0.23-a0-151-gf6d1ed2 (webtiles) character file.

66 GroovyGamera the Firebug (level 3, -1/26 HPs)
             Began as a Demigod Fire Elementalist on Sept 8, 2018.
             Splashed by Ijyb's acid (14 damage)
             ... on level 3 of the Dungeon.
             The game lasted 00:12:19 (2399 turns).

GroovyGamera the Firebug (DgFE)                     Turns: 2399, Time: 00:12:20

Health: -1/26      AC:  0    Str: 11    XL:     3   Next: 69%
Magic:  9/9        EV: 12    Int: 21    God:
Gold:   47         SH:  0    Dex: 16    Spells: 5/6 levels left

rFire    . . .     SeeInvis .   j - +0 hunting sling
rCold    . . .     Gourm    .   (no shield)
rNeg     . . .     Faith    .   o - +0 leather armour (curse)
rPois    .         Spirit   .   (no helmet)
rElec    .         Reflect  .   (no cloak)
rCorr    .         Harm     .   (no gloves)
MR       .....                  (no boots)
Stlth    ++........             (no amulet)
HPRegen  0.08/turn              (no ring)
MPRegen  0.11/turn              (no ring)

@: corroded
A: high mp 1
a: no special abilities


You were on level 3 of the Dungeon.
You were not hungry.

You visited 1 branch of the dungeon, and saw 3 of its levels.

You collected 47 gold pieces.

Inventory:

Hand Weapons
 g - a +0 dagger
 i - a +0 mace
 j - a +0 hunting sling (weapon)
Missiles
 b - 92 stones (quivered)
 m - 11 poisoned needles
Armour
 d - a +0 robe
 o - a cursed +0 leather armour (worn)
Scrolls
 f - a scroll of identify
 h - a scroll of immolation {unknown}
 k - a scroll of teleportation {unknown}
Potions
 e - 2 potions of agility {unknown}
 l - 2 potions of curing
 n - 2 potions of flight
Comestibles
 a - 2 chunks of flesh
 c - 3 rations


   Skills:
 + Level 0.1 Armour
 - Level 2.3 Dodging
 - Level 1.7 Stealth
 + Level 2.3 Spellcasting
 + Level 1.8 Conjurations
 + Level 3.2 Fire Magic


You had 5 spell levels left.
You knew the following spells:

 Your Spells              Type           Power        Failure   Level  Hunger
a - Flame Tongue          Conj/Fire      ##...        7%          1    #......

Your spell library contained the following spells:

 Spells                   Type           Power        Failure   Level  Hunger
 Throw Flame              Conj/Fire      ##....       10%         2    ##.....
 Conjure Flame            Conj/Fire      ##......     21%         3    ###....
 Inner Flame              Hex/Fire       #.......     28%         3    ###....
 Sticky Flame             Conj/Fire      ##......     54%         4    #####..
 Fireball                 Conj/Fire      ##........   88%         5    ######.


Dungeon Overview and Level Annotations

Branches:
Dungeon (3/15)

Annotations:
D:3 Ijyb


Innate Abilities, Weirdness & Mutations

You have an increased reservoir of magic. (+10% MP)


Message History

Firing (i - inventory)
b - 85 stones (quivered)
Press: ? - help, Shift-Dir - straight line, f/p - giant cockroach
Aim: a giant cockroach (almost dead)
You shoot a stone. The stone hits the giant cockroach!
You kill the giant cockroach!
b - 89 stones (gained 5)
You see here a giant cockroach corpse.
You butcher the giant cockroach corpse.
a - 2 chunks of flesh
b - 92 stones (gained 3)
Found a flail.
e - 2 sedimented silvery potions (gained 1)
Found a stone staircase leading down.
Ijyb the Twisted Goblin comes into view.
She is wielding a club.
Ijyb shouts!
You hear a shout!
Ijyb zaps a wand.
The bolt of acid hits you!
Ouch! That really hurt!
The acid corrodes you!
You are splashed with acid!
The acid burns!
Ouch! That really hurt!
You die...

#..# ##>.# #.... #
#...# #.# #
#.^.##g..# #.
##......... #..
#.........#
#..##..@###
#.........###.#
#............#
####.........###.#
......##...###
...........####
###...<......#
#..#.#####.#
#.)... #


You could see Ijyb.

Vanquished Creatures
  2 oozes (D:1)
  2 worms (D:2)
  A dart slug (D:2)
  3 leopard geckos
  8 bats
  3 giant cockroaches
  3 goblins
  6 hobgoblins
  2 jackals (D:2)
  8 kobolds
  2 frilled lizards (D:1)
  4 rats (D:1)
44 creatures vanquished.

Vanquished Creatures (others)
  4 toadstools (D:1)
4 creatures vanquished.

Grand Total: 48 creatures vanquished

Notes
Turn   | Place    | Note
-------+----------+-------------------------------------------
     0 | D:1      | GroovyGamera the Demigod Fire Elementalist began the quest
                  | for the Orb.
     0 | D:1      | Reached XP level 1. HP: 14/14 MP: 5/5
   147 | D:1      | Reached skill level 1 in Conjurations
   352 | D:1      | Reached XP level 2. HP: 8/20 MP: 1/7
   953 | D:1      | Found a glowing golden altar of the Shining One.
   989 | D:1      | Reached skill level 3 in Fire Magic
  1070 | D:1      | Reached XP level 3. HP: 22/26 MP: 2/8
  1804 | D:2      | Found a bloodstained altar of Trog.
  2280 | D:2      | Found an ancient bone altar of Kikubaaqudgha.
  2399 | D:3      | Noticed Ijyb
  2399 | D:3      | Splashed by Ijyb's acid

Vault maps used:
D:1:      ldierk_walled_garden_2, corexii_item_surrounded_by_moat,
          tso_metal_star
D:2:      nicolae_overflow_hidden_temple, marbit_many_paths, first_ration
D:3:      minmay_misc_feat_five, uniq_ijyb

Skill      XL: |  1  2 |
---------------+-------+-----
Conjurations   | 1 |  1.8
Dodging        | 2 |  2.3
Spellcasting   | 2 |  2.3
Fire Magic     | 3 |  3.2
Armour         | |  0.1
Stealth        | |  1.7

Action                   || total
-------------------------++-------
Melee: Dagger            ||    60
       Unarmed           ||     6
       Mace              ||    12
 Fire: Hunting sling     ||    49
Throw: Stone             ||    97
 Cast: Flame Tongue      ||    37
  Use: Scroll            ||     3
  Eat: Chunk             ||     5
Armor: Robe              ||    47
       Leather armour    ||     7
Dodge: Dodged            ||   155

Table legend:
 A = Non-vault XP
 B = Vault XP
 C = Vault XP percentage of total XP
 D = Non-vault monster count
 E = Vault monster count
 F = Vault count percentage of total count
                 A         B        C        D         E       F
            +---------+---------+-------+---------+---------+-------
      Total |      93 |       2 |   2.1 |      43 |       1 |   2.3
            +---------+---------+-------+---------+---------+-------
        D:1 |      52 |       0 |   0.0 |      26 |       0 |   0.0
        D:2 |      39 |       2 |   4.9 |      16 |       1 |   5.9
        D:3 |       2 |       0 |   0.0 |       1 |       0 |   0.0
            +---------+---------+-------+---------+---------+-------
